 Dungeon Crawl Stone Soup version 0.13-a0-2202-g857913d (webtiles) character file.

248 Kae the Firebug (level 4, -1/24 HPs)
             Began as a Tengu Fire Elementalist on July 2, 2013.
             Slain by a giant gecko (2 damage)
             ... on Level 4 of the Dungeon.
             The game lasted 00:03:49 (3457 turns).

Kae the Firebug (Tengu Fire Elementalist)           Turns: 3457, Time: 00:03:50

HP  -1/24        AC  3     Str  8      XL: 4   Next: 83%
MP   0/9         EV 12     Int 17      God:
Gold 143         SH  0     Dex 14      Spells:  2 memorised,  4 levels left

Res.Fire  : . . .   See Invis. : .   (no weapon)
Res.Cold  : . . .   Warding    : .   a - +0 robe
Life Prot.: . . .   Conserve   : .   (no shield)
Res.Poison: .       Res.Corr.  : .   (helmet restricted)
Res.Elec. : .       Clarity    : .   (no cloak)
Sust.Abil.: . .     Spirit.Shd : .   l - +0 pair of dwarf gloves (curse)
Res.Mut.  : .       Stasis     : .   (boots unavailable)
Res.Rott. : .       Flight     : .   (no amulet)
Saprovore : . . .                    (no ring)
                                     (no ring)

@: slightly resistant to hostile enchantments, fairly stealthy
A: beak, talons 3
a: no special abilities


You were on level 4 of the Dungeon.
You were not hungry.

You visited 1 branch of the dungeon, and saw 4 of its levels.

You collected 123 gold pieces.

Inventory:

Armour
 a - a +0 robe (worn)
 l - a cursed +0 pair of dwarven gloves (worn)
Comestibles
 c - 3 bread rations
 f - 2 apples
 n - a pear
Scrolls
 g - a scroll of magic mapping {unknown}
Jewellery
 e - an uncursed amulet of conservation {unknown}
 j - an uncursed ring of magical power {unknown}
Potions
 d - a potion of slowing {unknown}
 h - a potion of confusion {unknown}
 i - a potion of curing
 k - a potion of speed {unknown}
 m - 2 potions of might {unknown}
 p - a potion of poison {unknown}
Books
 b - a book of Flames

   Spells                             Type                      Level
   *Flame Tongue                      Conjuration/Fire             1
   *Throw Flame                       Conjuration/Fire             2
   Conjure Flame                      Conjuration/Fire             3
   Inner Flame                        Hexes/Fire                   3
   Sticky Flame                       Conjuration/Fire             4
   Fireball                           Conjuration/Fire             5
 o - a book of Spatial Translocations

   Spells                             Type                      Level
   Apportation                        Translocation                1
   Portal Projectile                  Translocation                2
   Blink                              Translocation                2
   Shroud of Golubria                 Charms/Translocation         2
   Teleport Other                     Translocation                3
   Passage of Golubria                Translocation                4


   Skills:
 - Level 2.1 Dodging
 - Level 2.0 Stealth
 + Level 2.0 Spellcasting
 * Level 3.7 Conjurations
 * Level 4.4 Fire Magic


You had 4 spell levels left.
You knew the following spells:

 Your Spells              Type           Power        Failure   Level  Hunger
a - Flame Tongue          Conj/Fire      ###..        3%          1    #......
b - Throw Flame           Conj/Fire      ###...       6%          2    ##.....


Dungeon Overview and Level Annotations

Branches:
Dungeon (4/27)
 Temple: D:4-7

Altars:
Kikubaaqudgha
Nemelex Xobeh
Zin
the Shining One


Innate Abilities, Weirdness & Mutations

You have a beak for a mouth.
You have claws for feet.


Message History

The giant gecko bites you.
* * * LOW HITPOINT WARNING * * *
You closely miss the giant gecko. Your kick misses the giant gecko.
Your peck misses the giant gecko. The giant gecko completely misses you.
You hit the giant gecko but do no damage.
The giant gecko bites you.
* * * LOW HITPOINT WARNING * * *
Casting: Flame Tongue
Confirm with . or Enter, or press ? or * to list all spells.
Aiming: Flame Tongue
Press: ? - help, Shift-Dir - straight line, f - giant gecko
Aim: a giant gecko (clinging)
The flame hits the giant gecko.
The giant gecko is severely wounded.
The giant gecko bites you.
* * * LOW HITPOINT WARNING * * *
The giant gecko closely misses you.
You see here a jackal corpse.
The giant gecko bites you.
You die...

........................
...........................
............................
........%....................
..........?...................
..............................
.............................
..............%..............
.............@l.%<<<........
###########################


You could see a giant gecko.

Vanquished Creatures
  4 adders
  A worm (D:3)
  A giant gecko (D:2)
  An ooze (D:1)
  An orc (D:3)
  A ball python (D:3)
  2 bats
  2 giant cockroaches (D:3)
  5 goblins
  9 hobgoblins
  2 giant newts
  9 jackals
  10 kobolds
  A quokka (D:3)
  7 rats
56 creatures vanquished.

Notes
Turn   | Place    | Note
--------------------------------------------------------------
     0 | D:1      | Kae, the Tengu Fire Elementalist, began the quest for the Orb.
     0 | D:1      | Reached XP level 1. HP: 10/10 MP: 3/3
   120 | D:1      | Reached XP level 2. HP: 13/15 MP: 0/5
   159 | D:1      | Learned a level 2 spell: Throw Flame
   590 | D:1      | Reached skill level 4 in Fire Magic
   786 | D:1      | Reached XP level 3. HP: 15/19 MP: 7/7
  1443 | D:2      | Found an ancient bone altar of Kikubaaqudgha.
  1449 | D:2      | Found a glowing silver altar of Zin.
  1536 | D:2      | Found a glowing golden altar of the Shining One.
  1642 | D:2      | Reached XP level 4. HP: 16/24 MP: 8/8
  1866 | D:2      | HP: 1/24 [poisoned by an adder]
  2103 | D:2      | Found a sparkling altar of Nemelex Xobeh.
  3453 | D:4      | HP: 1/24 [giant gecko (2)]
  3457 | D:4      | Slain by a giant gecko

Action                   |  1- 3 |  4- 6 || total
-------------------------+-------+-------++-------
Melee: Unarmed           |    30 |    18 ||    48
 Cast: Flame Tongue      |    51 |    47 ||    98
       Throw Flame       |       |     2 ||     2
  Use: Scroll            |       |     7 ||     7
       Potion            |       |     2 ||     2
